AoeStats
← GhoulHumaN_Tw

Arabian Desert

509122136Analyzed
1v1 RM · 5d ago on Sep 25, 2026· 34m 46s· 2 players
Game mode
Random Map
Map size
Tiny (2 player)
Population
200
Speed
Normal
Resources
Standard
Victory
Conquest
Starting age
Dark Age
Ending age
Imperial Age
RankedLock teamsTeams togetherTeam positionsShared explorationLock speedFull tech treeHidden civsTurbo modeCheats
Victory
Defeat
🇹🇼 Saxons · Taiwan
1010
+16
🇪🇸 Dravidians · Spain
1003
-16
em3ge
9:06 Loom
11:18 Feudal Age
17:46 Castle Age
18:34 Horse Collar
19:01 Double-Bit Axe
20:02 Town Watch
20:51 Fletching
21:01 Padded Archer Armor
22:03 Bow Saw
23:54 Husbandry
23:49 Pikeman
25:37 Squires
27:14 Forging
28:07 Scale Mail Armor
30:22 Iron Casting
30:46 Elite Skirmisher
GhoulHumaN_Tw
6:51 Loom
10:05 Feudal Age
10:51 Double-Bit Axe
10:48 Horse Collar
17:00 Bloodlines
18:29 Wheelbarrow
21:28 Castle Age
20:21 Scale Barding Armor
20:27 Forging
22:20 Stone Mining
22:22 Gold Mining
22:53 Bow Saw
23:11 Husbandry
27:20 Hand Cart
28:08 Gold Shaft Mining
28:29 Town Watch
29:13 Squires
29:00 Arson
29:49 Scale Mail Armor
30:25 Iron Casting
31:48 Heavy Plow
32:17 Fletching
33:46 Chain Mail Armor
33:53 Gambesons
Connection lost

Rejoining the realm…

Still unreachable

The connection could not be restored.

Session expired

The server has moved on; the page needs a fresh start.